 Dungeon Crawl Stone Soup version 0.18-a0-1542-g9c1a92e (webtiles) character file.

66 Ratboiler the Sneak (level 3, -1/16 HPs)
             Began as a Felid Wanderer on Mar 10, 2016.
             Was an Initiate of Ru.
             Killed by divine providence
             ... invoked by an orc priest
              (11 damage)
             ... on level 5 of the Dungeon.
             The game lasted 00:13:19 (3712 turns).

Ratboiler the Sneak (Felid Wanderer)                Turns: 3712, Time: 00:13:19

Health: -1/16      AC:  1    Str:  6    XL:     3   Next: 96%
Magic:  6/7        EV: 15    Int: 16    God:    Ru [......]
Gold:   226        SH:  0    Dex: 15    Spells: 2 memorised, 2 levels left
                                        Lives:  0   Deaths: 1

rFire  . . .     SeeInvis +       - Unarmed
rCold  . . .     Gourm    .     (armour unavailable)
rNeg   . . .     Faith    .     (shield unavailable)
rPois  .         Spirit   .     (helmet unavailable)
rElec  .         Dismiss  .     (cloak unavailable)
rCorr  .         Reflect  .     (gloves unavailable)
SustAt .         Harm     .     (boots unavailable)
MR     .....                    (no amulet)
Stlth  ++++......               (no ring)
                                (no ring)

@: appendage (expiring), quick, not resistant to hostile enchantments, stealthy
A: no armour, no weapons or thrown items, claws 1, fangs 3, horns 2, see
invisible, carnivore 3, speed 1, shaggy fur 1, slow metabolism 1, sharp paws
a: End Transformation, Renounce Religion


You were on level 5 of the Dungeon.
You worshipped Ru.
Ru was noncommittal.
You were not hungry.
You had grown temporary horns.
You visited 2 branches of the dungeon, and saw 6 of its levels.

You collected 226 gold pieces.

Inventory:

Jewellery
 i - an uncursed ring of wizardry {unknown}
Wands
 o - a wand of flame (21/48)
Scrolls
 e - a scroll of fear
 j - 3 scrolls of remove curse {unknown}
 k - a scroll of magic mapping
 l - a scroll of immolation
 q - a scroll of recharging {unknown}
Potions
 f - a potion of ambrosia
 g - 3 potions of heal wounds
 h - 2 potions of curing
 m - 2 potions of might
 n - a potion of cure mutation
 p - a potion of flight {unknown}
 r - a potion of resistance {unknown}
Books
 b - Goiwosm's Reference Book on Venom

   Spells                             Type                      Level
   a - Sting                          Conjuration/Poison           1
   b - Ignite Poison                  Fire/Transmutation/Poison    3
 c - Ilutunea's Tome of Changing

   Spells                             Type                      Level
   a - Beastly Appendage              Transmutation                1
   b - Spider Form                    Transmutation/Poison         3
Miscellaneous
 a - a lamp of fire (inert)
Comestibles
 d - 5 meat rations


   Skills:
 - Level 2.0 Fighting
 - Level 5.0 Stealth
 - Level 2.4 Unarmed Combat
 - Level 2.0 Spellcasting
   Level 1.5 Translocations
 + Level 2.9 Transmutations
 - Level 1.1 Evocations


You had 2 spell levels left.
You knew the following spells:

 Your Spells              Type           Power        Failure   Level  Hunger
a - Beastly Appendage     Trmt           ##....       10%         1    #......
b - Spider Form           Trmt/Pois      #.........   38%         3    ###....


Dungeon Overview and Level Annotations

Branches:
Dungeon (5/15)             Temple (1/1) D:5

Altars:
Cheibriados
Elyvilon
Fedhas
Gozag
Nemelex Xobeh
Okawaru
Pakellas
Qazlal
Ru
Sif Muna
Trog
Vehumet
Zin
The Shining One

Annotations:
D:3 1 exclusion
D:4 exclusion: fungus, Blork the orc


Innate Abilities, Weirdness & Mutations

You cannot wear armour.
You are incapable of wielding weapons or throwing items.
You have sharp claws.
You have razor-sharp teeth.
You have supernaturally acute eyesight.
You are carnivorous and can eat meat at any time.
You cover ground quickly.
You are covered in fur (AC +1).
You have a slow metabolism.
Your sharp claws are effective at attacking unaware monsters.
You have a pair of horns on your head.


Message History

Zapping:
o - a wand of flame (will waste charges)
Press: ? - help, Shift-Dir - straight line, f - orc priest
Aim: an orc priest, wearing a leather armour The puff of flame hits the orc priest.
The orc priest is moderately wounded.
Evoking this partially-identified wand wasted a few charges.
The orc priest invokes the aid of Beogh against you.
Pain shoots through your body!
Evoke which item? (* to show all) (? for menu, Esc to quit)
Zapping:
o - a wand of flame {zapped: 3} (will waste charges)
Press: ? - help, Shift-Dir - straight line, f/p - orc priest
Aim: an orc priest, wearing a leather armour (moderately wounded)
The puff of flame hits the orc priest.
The orc priest is almost dead.
Evoking this partially-identified wand wasted a few charges.
Your transformation is almost over.
The orc priest calls down the wrath of Beogh upon you.
Beogh smites you!
Ouch! That really hurt!
You die...

#...........###
#.#########.#.#
###'#########.#.#
#..........##.#<#
#..........+..#.#
#..........##.#.#
###.#'#######.#.#
###.#.b.........#
............>.@###
........>.##.#o#
.#..b.#...##.#_# ########
......#.#.#..#.# #......#
...b..#.#.#.##.###.####.#
...................# #.#
.....##.######.########.#
................#.#
..#.####.######.#.#


You could see an orc priest.

Vanquished Creatures
  An orc priest (D:5)
  3 adders
  An ooze (D:3)
  A dart slug (D:2)
  A ball python (D:4)
  5 giant cockroaches
  4 goblins
  7 hobgoblins
  7 kobolds
  A quokka (D:3)
  9 bats
  5 giant newts
45 creatures vanquished.

Notes
Turn   | Place    | Note
--------------------------------------------------------------
     0 | D:1      | Ratboiler the Felid Wanderer began the quest for the Orb.
     0 | D:1      | Ratboiler set off with: a lamp of fire, Goiwosm's Reference Book on Venom, Ilutunea's Tome of Changing, a meat ration
     0 | D:1      | Reached XP level 1. HP: 9/9 MP: 4/4
     6 | D:1      | Identified Goiwosm's Reference Book on Venom
     6 | D:1      | Identified Ilutunea's Tome of Changing
     8 | D:1      | Learned a level 1 spell: Beastly Appendage
   227 | D:1      | Reached skill level 1 in Unarmed Combat
   350 | D:1      | Reached skill level 3 in Stealth
   443 | D:1      | Reached XP level 2. HP: 11/13 MP: 4/6
  1094 | D:2      | Found a stormy altar of Qazlal.
  1098 | D:2      | Found a blossoming altar of Fedhas.
  1643 | D:2      | Reached skill level 4 in Stealth
  1643 | D:2      | Reached XP level 3. HP: 13/16 MP: 7/7
  2466 | D:3      | Found an oddly glowing altar of Pakellas.
  2535 | D:3      | Reached XP level 4. HP: 19/19 MP: 6/8
  2618 | D:3      | Slain by a hobgoblin
  2619 | D:3      | Reached XP level 3. HP: -1/16 MP: 7/7
  3110 | D:4      | Reached skill level 5 in Stealth
  3145 | D:4      | Noticed Blork the orc
  3157 | D:4      | Learned a level 3 spell: Spider Form
  3224 | D:4      | Noticed a scorpion
  3245 | D:5      | Entered Level 5 of the Dungeon
  3249 | D:5      | Found a staircase to the Ecumenical Temple.
  3249 | D:5      | Found a sparkling altar of Nemelex Xobeh.
  3258 | Temple   | Entered the Ecumenical Temple
  3448 | Temple   | Became a worshipper of Ru the Awakened
  3712 | D:5      | Killed from afar by an orc priest

Vault maps used:
D:1:      evilmike_arrival_crescent
D:2:      grunt_temple_overflow_forces_of_nature, first_bread
D:3:      nicolae_overflow_hidden_temple
D:4:      old_forge, nicolae_ru_sacrificial_ziggurat, uniq_blork_the_orc
D:5:      wad_lake_hut, minmay_temple_entry_butterflies, nemelex_deck
Temple:   chambers_temple_14

Skill      XL: |  1  2  3 |
---------------+----------+-----
Unarmed Combat | 1 2 |  2.4
Stealth        | 3 4 5 |  5.0
Fighting       | |  2.0
Spellcasting   | |  2.0
Translocations | |  1.5
Transmutations | |  2.9
Evocations     | |  1.1

Action                   |  1- 3 |  4- 6 || total
-------------------------+-------+-------++-------
Melee: Unarmed           |   112 |    13 ||   125
 Cast: Beastly Appendage |    24 |     1 ||    25
Evoke: Wand              |     2 |       ||     2
       Lamp of fire      |     1 |       ||     1
  Use: Scroll            |    10 |       ||    10
       Potion            |     1 |       ||     1
 Stab: Sleeping          |    15 |     1 ||    16
  Eat: Chunk             |    12 |       ||    12
